Map: 营救矿工

Players

邀月

  • Race: Protoss Protoss
  • League: Master
  • Spawn Location: 7:00

只爱小彬彬

  • Race: Terran Terran
  • Spawn Location: 7:00

VOD

Have the link to the VOD?

Description

Time

  • Played on: Feb. 26, 2018, 2:20 a.m.
  • Length: 19:29
Show
View Real Time Build Order
Export as new Build Order

邀月 Protoss 

Build Orders:  

Get SALT Encoding   

  12  0:03  Probe (Chrono Boost)  
  13  0:16  Probe (Chrono Boost)  
  14  0:28  Probe (Chrono Boost)  
  16  0:40  Probe (Chrono Boost), Pylon  
  16  0:52  Probe (Chrono Boost)  
  17  1:04  Probe (Chrono Boost)  
  17  1:08  Assimilator  
  18  1:15  Assimilator  
  18  1:16  Probe (Chrono Boost)  
  19  1:24  Robotics Facility  
  19  1:29  Probe (Chrono Boost)  
  20  1:40  Robotics Bay  
  20  1:41  Probe (Chrono Boost)  
  21  1:53  Probe (Chrono Boost)  
  22  2:05  Probe (Chrono Boost)  
  23  2:17  Probe (Chrono Boost)  
  24  2:23  Colossus  
  24  2:25  Forge  
  25  2:36  Probe (Chrono Boost)  
  25  2:45  Warbringer's A.I. Personality  
  31  3:10  Purifier Armaments  
  31  3:19  Gateway  
  31  3:23  Twilight Council, Cybernetics Core  
  31  3:27  Taldarin's A.I. Personality  
  31  3:37  Immortal  
  35  3:57  Probe (Chrono Boost)  
  36  4:07  Robotics Facility  
  36  4:09  Talis' A.I. Personality  
  36  4:19  Probe (Chrono Boost)  
  37  4:51  Nexus  
  37  4:52  Debilitation System  
  38  5:02  Probe (Chrono Boost)  
  38  5:07  Adept  
  40  5:15  Pylon  
  41  5:40  Probe (Chrono Boost)  
  41  5:41  Gateway x2  
  41  5:50  Psionic Projection  
  41  5:57  Probe (Chrono Boost)  
  42  6:01  Gateway  
  42  6:06  Observation Protocol  
  42  6:10  Adept  
  42  6:11  Kaldalis' A.I. Personality  
  42  6:14  Probe (Chrono Boost)  
  43  6:31  Probe (Chrono Boost)  
  43  6:36  Empowered Blades  
  42  6:42  Probe (Chrono Boost)  
  42  6:48  Probe (Chrono Boost)  
  44  6:53  Warp Gate  
  44  6:54  Probe (Chrono Boost)  
  44  6:55  Legionnaire  
  49  7:05  Probe (Chrono Boost)  
  49  7:11  Probe (Chrono Boost)  
  49  7:15  Conservator x2  
  49  7:19  Observer  
  56  7:22  Probe (Chrono Boost)  
  56  7:23  Probe (Chrono Boost)  
  57  7:34  Probe (Chrono Boost)  
  57  7:38  Probe (Chrono Boost)  
  59  7:47  Probe (Chrono Boost)  
  60  7:54  Assimilator  
  60  7:55  Probe (Chrono Boost)  
  60  7:59  Probe (Chrono Boost)  
  62  8:11  Adept x2  
  62  8:19  Protoss Ground Weapons Level 1  
  66  8:29  Pylon  
  66  8:31  Pylon  
  66  8:33  Pylon  
  66  8:44  Pylon  
  66  8:51  Colossus  
  66  8:55  Probe (Chrono Boost)  
  74  9:00  Probe (Chrono Boost)  
  74  9:01  Gateway  
  74  9:03  Adept x2  
  74  9:06  Gateway  
  75  9:13  Adept x2  
  79  9:40  Conservator  
  79  9:41  Conservator  
  79  9:44  Adept x4  
  87  9:59  Colossus  
  93  10:10  Charge  
  93  10:11  Pylon  
  93  10:13  Pylon  
  93  10:14  Probe (Chrono Boost)  
  93  10:17  Pylon  
  93  10:18  Pylon  
  93  10:19  Probe (Chrono Boost)  
  93  10:36  Adept x2  
  91  10:41  Legionnaire  
  86  11:02  Conservator  
  86  11:03  Adept  
  86  11:07  Legionnaire x2  
  68  11:10  Probe (Chrono Boost)  
  98  11:15  Probe (Chrono Boost)  
  89  11:24  Gateway  
  89  11:26  Gateway  
  89  11:28  Gateway  
  89  11:31  Conservator  
  89  11:36  Legionnaire x2  
  89  11:37  Colossus, Adept x2  
  87  12:09  Colossus  
  79  12:14  Legionnaire x2  
  79  12:15  Legionnaire x2  
  87  12:21  Assimilator  
  87  12:29  Adept  
  89  12:30  Adept  
  97  12:56  Probe (Chrono Boost)  
  97  12:57  Probe (Chrono Boost)  
  97  12:59  Conservator  
  101  13:00  Legionnaire x3  
  101  13:08  Adept x4  
  118  13:10  Colossus  
  115  13:45  Adept x3  
  121  13:53  Pylon  
  121  13:59  Pylon  
  121  14:01  Pylon  
  121  14:04  Pylon  
  121  14:12  Conservator  
  121  14:17  Pylon  
  121  14:18  Adept  
  121  14:19  Adept x3  
  129  14:21  Observer x2  
  129  14:23  Legionnaire  
  129  14:28  Pylon  
  129  14:31  Pylon  
  129  14:56  Adept x2  
  128  15:07  Adept x4  
  128  15:08  Legionnaire  
  119  15:29  Observer x2  
  97  16:08  Adept x5  
  107  16:10  Legionnaire x4  
  113  16:44  Probe x2 (Chrono Boost)  
  102  16:58  Colossus x2  
  103  17:01  Probe (Chrono Boost)  
  103  17:03  Conservator x2  
  103  17:04  Adept x5, Pylon  
  103  17:05  Adept x2  
  119  17:19  Pylon  
  131  17:31  Legionnaire  
  131  17:32  Adept  
  133  17:46  Adept x2  
  137  17:54  Adept x2  
  137  17:57  Adept  
  141  18:01  Adept  
  143  18:14  Adept x2  
  144  18:40  Adept x2  
  144  18:41  Adept  
  134  19:07  Legionnaire x4  
Show
View Real Time Build Order
Export as new Build Order

只爱小彬彬 Terran 

Build Orders:  

Get SALT Encoding   

  12  0:12  SCV  
  13  0:36  SCV  
  14  0:53  SCV  
  15  1:11  Supply Depot  
  15  1:14  Supply Depot, SCV  
  15  1:18  Refinery  
  16  1:31  SCV  
  17  1:40  Refinery  
  17  1:48  SCV  
  18  2:05  SCV  
  19  2:22  SCV  
  20  2:39  SCV  
  21  2:56  SCV  
  22  3:13  SCV  
  22  3:30  SCV  
  24  3:40  Barracks  
  24  3:44  Engineering Bay  
  24  3:46  SCV  
  24  3:48  Barracks  
  25  3:56  Engineering Bay, Barracks  
  25  4:03  SCV  
  25  4:05  Barracks  
  26  4:20  SCV  
  26  4:22  Barracks  
  27  4:44  Barracks  
  27  4:48  Factory  
  27  5:00  Barracks  
  27  5:02  SCV  
  28  5:18  Barracks  
  28  6:01  Armory  
  28  6:02  Starport  
  28  6:07  Barracks  
  28  6:12  Barracks  
  28  6:52  Barracks  
  28  6:59  Barracks  
  28  7:03  Barracks  
  28  7:16  Terran Infantry Weapons Level 1  
  28  7:18  Terran Vehicle and Ship Weapons Level 1  
  28  7:57  Barracks  
  28  8:01  Barracks  
  28  8:44  Barracks  
  28  9:02  Barracks  
  28  9:06  Terran Infantry Armor Level 1  
  28  9:18  SCV  
  29  9:25  Barracks  
  29  9:27  Barracks  
  29  9:32  Barracks  
  29  10:02  Terran Vehicle And Ship Armor Level 1  
  29  10:10  Terran Infantry Weapons Level 2  
  29  10:18  Barracks  
  29  10:29  Barracks  
  29  10:34  Barracks  
  29  10:56  Neosteel Frame  
  29  11:20  Barracks  
  29  11:23  Orbital Command  
  29  11:25  Command Center  
  29  11:46  Starport Tech Lab  
  29  12:03  Barracks  
  29  12:42  Terran Vehicle and Ship Weapons Level 2  
  29  12:51  Barracks  
  29  13:12  Orbital Command  
  29  13:20  Building Armor  
  29  13:21  Command Center  
  29  13:27  Terran Infantry Armor Level 2  
  29  14:09  Barracks  
  29  14:20  Terran Infantry Weapons Level 3  
  29  14:52  Barracks  
  29  15:10  Barracks  
  29  15:35  Barracks  
  29  15:52  Terran Vehicle And Ship Armor Level 2  
  29  15:57  Barracks  
  29  16:17  Barracks  
  29  16:52  Barracks  
  29  17:01  Command Center  
  29  17:10  Cloaking Field  
  29  17:35  Barracks  
  29  18:28  Command Center  
  29  18:53  Barracks  
Tags
 
Commander
FenixRaynor
League
Master
Matchup
Co-op
Replay Pack
Co-op Speedrun
Add a new tag
Caveats
  • Supply blocks, unpowered buildings, or Contaminate may cause inaccurate times.
  • Supply counts are checked every 10 seconds.